Map: Tokamak LE

Players

ManlyManMeat

  • Race: Zerg Zerg
  • League: Diamond
  • Spawn Location: 7:00

SadMarine - Winner!

  • Race: Terran Terran
  • League: Diamond
  • Spawn Location: 1:00

VOD

Have the link to the VOD?

Description

Time

  • Played on: July 3, 2025, 4:53 a.m.
  • Length: 16:50
Show
View Real Time Build Order
Export as new Build Order

ManlyManMeat Zerg 

Build Orders: Hatch First 

Get SALT Encoding   

  12  0:00  Drone  
  13  0:08  Drone  
  14  0:18  Drone, Extractor  
  15  0:21  Overlord  
  15  0:41  Drone  
  16  0:49  Hatchery  
  15  0:51  Drone  
  15  0:55  Drone  
  17  0:59  Drone  
  18  1:06  Drone  
  18  1:09  Extractor  
  18  1:18  Spawning Pool  
  17  1:27  Drone x2  
  19  1:37  Drone  
  20  1:56  Overlord  
  20  2:04  Queen x2  
  20  2:07  Zergling x4  
  26  2:15  Drone  
  26  2:16  Drone  
  28  2:24  Metabolic Boost  
  28  2:25  Drone  
  28  2:26  Drone  
  29  2:57  Drone x3  
  29  2:58  Drone  
  33  2:59  Overlord x2  
  33  3:07  Hatchery  
  32  3:13  Drone  
  32  3:14  Drone  
  32  3:19  Drone x3  
  37  3:21  Queen  
  39  3:28  Drone x2  
  41  3:36  Queen  
  43  3:50  Drone x2  
  45  3:56  Extractor  
  45  3:58  Drone x3  
  45  3:59  Baneling Nest, Drone, Evolution Chamber  
  45  4:00  Drone x2  
  48  4:10  Drone x3  
  48  4:11  Overlord  
  51  4:20  Lair  
  51  4:21  Drone  
  51  4:22  Drone x5  
  54  4:39  Zergling x10  
  54  4:42  Drone  
  59  4:47  Queen  
  59  4:48  Queen  
  63  4:58  Drone x2  
  64  5:02  Zerg Melee Weapons Level 1  
  64  5:07  Evolution Chamber  
  63  5:12  Overlord  
  63  5:13  Overlord  
  63  5:20  Overlord  
  63  5:21  Overlord, Hatchery  
  63  5:24  Queen  
  60  5:40  Zergling x12  
  60  5:41  Queen x2  
  65  5:46  Zergling x6  
  66  5:51  Zergling x16  
  66  5:52  Zergling x2  
  63  6:07  Zergling x2  
  63  6:08  Zergling x4, Queen  
  47  6:18  Zergling x2  
  47  6:19  Zergling x8  
  43  6:42  Zergling x8  
  43  6:43  Zergling x8  
  43  6:44  Queen  
Show
View Real Time Build Order
Export as new Build Order

SadMarine Terran - Winner!

Build Orders: 2 Factory, Hellion Opening, Mech 

Get SALT Encoding   

  12  0:00  SCV  
  13  0:12  SCV  
  14  0:18  Supply Depot  
  14  0:25  SCV  
  15  0:40  SCV  
  15  0:41  Barracks  
  16  0:50  Refinery  
  16  0:52  SCV  
  17  1:04  SCV  
  18  1:16  SCV  
  19  1:28  SCV  
  20  1:33  Reaper  
  20  1:37  Command Center  
  21  1:42  SCV  
  22  1:54  Orbital Command  
  22  2:02  Supply Depot  
  22  2:11  Factory  
  22  2:21  SCV  
  23  2:28  Barracks Reactor  
  23  2:33  SCV  
  24  2:59  Orbital Command  
  24  3:03  Bunker  
  24  3:11  Hellion  
  24  3:12  Hellion  
  28  3:14  Barracks Tech Lab  
  28  3:16  Factory  
  28  3:19  SCV  
  29  3:23  Refinery  
  29  3:31  SCV  
  29  3:33  Hellion x2  
  34  3:41  Supply Depot  
  34  3:48  SCV x2  
  36  3:54  Hellion x2  
  40  4:10  Cyclone  
  40  4:12  Mag-Field Accelerator  
  40  4:15  Hellion  
  40  4:16  Hellion  
  47  4:17  Supply Depot, SCV x2  
  49  4:29  SCV  
  49  4:30  SCV  
  51  4:42  SCV  
  52  4:49  Hellion x2  
  56  4:55  Starport  
  56  4:57  Cyclone  
  59  5:05  SCV x2  
  61  5:10  Command Center, Barracks Reactor  
  61  5:17  SCV  
  62  5:24  Supply Depot x2  
  62  5:30  SCV  
  61  5:38  Hellion  
  61  5:45  Hellion  
  63  6:01  Hellion x2  
  58  6:22  Cyclone  
  58  6:24  Hellion x2  
  54  6:54  Cyclone  
  54  6:57  Hellion  
  54  6:58  Hellion, SCV x2  
  59  7:10  SCV  
  59  7:11  SCV  
  61  7:21  Hellion x2  
  61  7:23  Starport Reactor, SCV x2  
  61  7:26  Factory  
  61  7:27  Siege Tank  
  66  7:35  SCV  
  62  7:51  Hellion x2  
  64  7:59  Siege Tank  
  64  8:02  Orbital Command  
  64  8:04  SCV x2  
  69  8:11  Liberator x2  
  75  8:13  Hellion x2  
  75  8:16  SCV x2  
  81  8:30  Infernal Pre-Igniter  
  81  8:32  Hellion x2  
  81  8:33  Cyclone  
  86  9:26  Refinery  
  86  9:41  Refinery  
  86  10:03  Viking x2  
  86  10:04  Hellion  
  86  10:05  Hellion  
Tags
 
Add a new tag
Caveats
  • Supply blocks, unpowered buildings, or Contaminate may cause inaccurate times.
  • Supply counts are checked every 10 seconds.